 Dungeon Crawl Stone Soup version 0.22.0-49-gab54619 (webtiles) character file.

73 Folque the Ogre Mage (level 4, -2/44 HPs)
             Began as an Ogre Arcane Marksman on Sept 6, 2018.
             Slain by a scorpion (4 damage)
             ... on level 3 of the Dungeon.
             The game lasted 00:09:42 (2501 turns).

Folque the Ogre Mage (Ogre Arcane Marksman)         Turns: 2501, Time: 00:09:43

Health: -2/44      AC:  3    Str: 14    XL:     4   Next: 27%
Magic:  1/8        EV: 10    Int: 14    God:
Gold:   103        SH:  0    Dex: 10    Spells: 0/9 levels left

rFire    . . .     SeeInvis .   n - +0 spear
rCold    . . .     Gourm    .   (no shield)
rNeg     . . .     Faith    .   a - +0 robe
rPois    .         Spirit   .   v - +0 hat
rElec    .         Reflect  .   (no cloak)
rCorr    .         Harm     .   (gloves unavailable)
MR       .....                  (boots unavailable)
Stlth    +.........             (no amulet)
HPRegen  0.14/turn              (no ring)
MPRegen  0.11/turn              (no ring)

@: lethally poisoned (-2 -> -11), very slightly contaminated
A: large, unfitting armour, tough skin 1
a: no special abilities


You were on level 3 of the Dungeon.
You were hungry.

You visited 1 branch of the dungeon, and saw 3 of its levels.

You collected 103 gold pieces.

Inventory:

Hand Weapons
 n - a +0 spear (weapon)
 q - a +0 hunting sling
Missiles
 d - a throwing net (quivered)
 r - 57 stones
Armour
 a - a +0 robe (worn)
 v - a +0 hat (worn)
Jewellery
 e - an uncursed ring of protection from fire {unknown}
 g - an uncursed ring of poison resistance {unknown}
 o - a cursed ring of attention {unknown}
Wands
 u - a wand of flame (6)
Scrolls
 b - a scroll of random uselessness {unknown}
 h - 5 scrolls of identify
 j - 2 scrolls of teleportation
 m - a scroll of remove curse
 p - a scroll of enchant armour {unknown}
Potions
 i - a potion of mutation {unknown}
 k - a potion of heal wounds
 l - 2 potions of agility {unknown}
Comestibles
 f - 3 rations


   Skills:
 - Level 2.8 Fighting
 - Level 2.0 Throwing
 - Level 1.7 Dodging
 * Level 3.1 Spellcasting
 - Level 3.0 Hexes
 + Level 1.0 Translocations


You couldn't memorise any spells.
You knew the following spells:

 Your Spells              Type           Power        Failure   Level  Hunger
a - Corona                Hex            ##.....      6%          1    #......
b - Slow                  Hex            ##......     10%         2    ##.....
c - Portal Projectile     Hex/Tloc       #.....       28%         3    ###....
d - Inner Flame           Hex/Fire       #.......     34%         3    ###....

Your spell library contained the following spells:

 Spells                   Type           Power        Failure   Level  Hunger
 Cause Fear               Hex            ##........   52%         4    #####..
 Leda's Liquefaction      Hex/Erth       #.........   75%         4    #####..


Dungeon Overview and Level Annotations

Branches:
Dungeon (3/15)

Altars:

Annotations:
D:3 Crazy Yiuf


Innate Abilities, Weirdness & Mutations

You are too large for most types of armour.
You have tough skin. (AC +1)


Message History

Crazy Yiuf hits you with a quarterstaff of chaos.
* * * LOW HITPOINT WARNING * * *
You are lethally poisoned!
The sky beast hits you but does no damage.
As you read the scroll labeled SYIPLOOPNO, it crumbles to dust.
You feel aware of your surroundings.
You sensed 3 altars.
It was a scroll of magic mapping.
Your surroundings suddenly seem different.
* * * LOW HITPOINT WARNING * * *
You feel sick.
A scorpion comes into view.
A hobgoblin comes into view. It is wielding a club.
Found 19 arrows, 10 bolts, 18 stones and a scroll labeled VOJOSI PABIO.
Found an escape hatch in the ceiling.
Found a stone staircase leading down.
As you read the scroll labeled VOJOSI PABIO, it crumbles to dust.
It is a scroll of identify.
k - a potion of heal wounds
* * * LOW HITPOINT WARNING * * *
You feel sick. The scorpion stings you.
You die...

,,,,,*,,,,,,,,,,,*,*,**,**,,,*,*,
,,,,,,,,*****#...#,**,*,*,,,,*,*,
,,,,,,*,* #...#,**,*,*,,,,*,*,
,,,,,,*,* #...##,*,*,*,,,**,*,
,,,,,**,**** #....##,,*,*,,**,,*,
*,,,,,,,,..###...(?##,*,*,**,,,*,
,,***,,,**,.........##,,,**,,*,*,
*** **,,,****#..s....##,**,,**,*,
**,,****#..@.....#,*,,***,*,
***,,..........<..(.,,,,,,,*,
*****,,,,.(###.....>....,,,***,*,
,,,,,,*,**,,*#.....g....,,,,**,*,
,******,***,*#.###......,,,,,,,*,
** *,* *,*#.**,......,,,,,,,,* **
*,* *,*#.*,,......,,,,,,,,* ,*
*,* *,*#.*,,..#...,,,,,,,,* ,*
**,* *>**,*,,,**,,,,,,,,,,,*


You could see a scorpion and a hobgoblin.

Vanquished Creatures
  Terence (D:2)
  A worm (D:2)
  5 dart slugs
  2 leopard geckos (D:1)
  A ball python (D:1)
  4 hobgoblins (D:2)
  6 bats
  A frilled lizard (D:1)
  A goblin (D:1)
  5 kobolds
  11 rats
38 creatures vanquished.

Notes
Turn   | Place    | Note
-------+----------+-------------------------------------------
     0 | D:1      | Folque the Ogre Arcane Marksman began the quest for the
                  | Orb.
     0 | D:1      | Reached XP level 1. HP: 19/19 MP: 2/2
   152 | D:1      | Reached XP level 2. HP: 24/29 MP: 1/3
   409 | D:1      | Learned a level 2 spell: Slow
  1272 | D:2      | Reached XP level 3. HP: 36/36 MP: 3/5
  1339 | D:2      | Learned a level 3 spell: Portal Projectile
  2101 | D:2      | Noticed Terence
  2129 | D:2      | Killed Terence
  2129 | D:2      | Reached skill level 1 in Translocations
  2129 | D:2      | Reached XP level 4. HP: 26/44 MP: 0/8
  2135 | D:2      | Learned a level 3 spell: Inner Flame
  2166 | D:2      | Found a runed door.
  2199 | D:2      | Noticed Crazy Yiuf
  2496 | D:3      | Noticed a sky beast
  2501 | D:3      | HP: 2/44 [poisoned by Crazy Yiuf]
  2501 | D:3      | Slain by a scorpion

Skill      XL: |  1  2  3 |
---------------+----------+-----
Fighting       | 2 |  2.8
Hexes          | 3 |  3.0
Spellcasting   | 3 |  3.1
Translocations | 1 |  1.0
Throwing       | |  2.0
Dodging        | |  1.7

Action                   |  1- 3 |  4- 6 || total
-------------------------+-------+-------++-------
Melee: Unarmed           |    25 |       ||    25
       Short sword       |    28 |       ||    28
       Spear             |    85 |     6 ||    91
Throw: Large rock        |     4 |     4 ||     8
       Throwing net      |       |     1 ||     1
 Cast: Corona            |    31 |     1 ||    32
       Slow              |     4 |     2 ||     6
       Portal Projectile |     1 |     2 ||     3
Evoke: Wand              |       |     1 ||     1
  Use: Scroll            |       |     4 ||     4
 Stab: Sleeping          |     4 |       ||     4
  Eat: Chunk             |     5 |     1 ||     6
Armor: Robe              |    27 |     3 ||    30
Dodge: Dodged            |    53 |     7 ||    60
